 Dungeon Crawl Stone Soup version 0.30-a0-715-gdb4ae3ece1 (webtiles) character file.

Game seed: 12486266008168416350

6073 Khashishi the Thaumaturge (level 10, -15/70 HPs)
             Began as a Mummy Necromancer on Jan 25, 2023.
             Was a Priest of Nemelex Xobeh.
             Demolished by an Executioner (24 damage)
             ... on level 2 of the Abyss.
             The game lasted 00:50:20 (7453 turns).

Khashishi the Thaumaturge (Mummy Necromancer)       Turns: 7453, Time: 00:50:20

Health: -15/70     AC:  6    Str: 17    XL:     10   Next: 57%
Magic:  24/24      EV: 12    Int: 18    God:    Nemelex Xobeh [***...]
Gold:   644        SH:  0    Dex: 13    Spells: 18/29 levels left

rFire   x . .      SeeInvis .    z - +2 short sword (venom)
rCold   + . .      Faith    +    (no shield)
rNeg    + + +      Spirit   .    q - +2 robe of the Rose {Str+5 Stlth+}
rPois   ∞          Reflect  .    y - +0 helmet
rElec   .          Harm     .    u - scarf {+Inv}
rCorr   .          Rampage  .    w - +0 pair of gloves
Will    +....                    (no boots)
Stlth   +++                      (no amulet)
HPRegen 0.31/turn                (no ring)
MPRegen 0.19/turn                (no ring)

@: about to teleport
A: cold resistance 1, negative energy resistance 3, torment resistance 2, heat
vulnerability 1, in touch with death 1, no potions, faith
a: Renounce Religion, Evoke Invisibility, Draw Escape, Draw Destruction, Draw
Summoning, Triple Draw


You were on level 2 of the Abyss.
You worshipped Nemelex Xobeh.
Nemelex Xobeh was most pleased with you.
You visited 2 branches of the dungeon, and saw 10 of its levels.
You visited the Abyss 1 time.

You collected 644 gold pieces.

Inventory:

Hand Weapons
 a - a +0 flail of protection
 o - a +0 whip of electrocution
 v - a +2 mace of draining
 z - a +2 short sword of venom (weapon)
 C - a +2 morningstar
Missiles
 m - 14 poisoned darts
Armour
 b - the +2 ring mail "Xunuimni" {-Tele *Slow rF+++ rN++ SInv}
   (You found it on level 6 of the Dungeon)

   rF:        It renders you almost immune to fire.
   rN:        It greatly protects you from negative energy.
   SInv:      It lets you see invisible.
   -Tele:     It prevents most forms of teleportation.
   *Slow:     It may slow you when you take damage.
 i - a +0 tower shield
 q - the +2 robe of the Rose (worn) {Str+5 Stlth+}
   (You found it on level 6 of the Dungeon)

   Str:       It affects your strength (+5).
   Stlth:     It makes you more stealthy.
 u - a scarf of invisibility (worn)
 w - a +0 pair of gloves (worn)
 y - a +0 helmet (worn)
 B - a +0 troll leather armour
Wands
 p - a wand of iceblast (1)
 x - a wand of digging (5)
 A - a wand of flame (9)
Scrolls
 d - 4 scrolls of poison
 e - 3 scrolls of vulnerability
 f - 2 scrolls of amnesia
 g - 2 scrolls of immolation
 j - a scroll of enchant armour {unknown}
 k - a scroll of brand weapon {unknown}
 l - 4 scrolls of magic mapping {unknown}
 n - a scroll of fog {unknown}
 r - a scroll of torment {unknown}
 s - a scroll of noise {unknown}
 t - a scroll of enchant weapon {unknown}


   Skills:
 - Level 3.0 Fighting
 - Level 2.0 Dodging
 + Level 1.5 Stealth
 + Level 10.0 Spellcasting
 - Level 2.0 Hexes
 - Level 5.0 Summonings
 + Level 9.1 Necromancy
 - Level 5.7 Invocations
 - Level 4.2 Evocations


You had 18 spell levels left.
You knew the following spells:

 Your Spells              Type           Power      Damage    Failure   Level
a - Necrotise             Necr           100%       1d9       1%          1
b - Vampiric Draining     Necr           58%        2d10      1%          3
c - Animate Dead          Necr           58%        N/A       1%          4
d - Summon Guardian Gole  Hex/Summ       21%        N/A       5%          3

Your spell library contained the following spells:

 Spells                   Type           Power      Damage    Failure   Level
 Agony                    Necr           58%        N/A       4%          5
 Freeze                   Ice            36%        1d5       8%          1
 Orb of Destruction       Conj           4%         9d5       100%        7
 Spellforged Servitor     Conj/Summ      9%         N/A       100%        7


Dungeon Overview and Level Annotations

Branches:
Dungeon (9/15)             Temple (1/1) D:6
   Lair: D:8-11         Orc: D:9-12

Altars:
Ashenzari
Cheibriados
Dithmenos
Fedhas
Gozag
Hepliaklqana
Kikubaaqudgha
Makhleb
Nemelex Xobeh
Okawaru
Qazlal
Ru
Sif Muna
Trog
Uskayaw
Vehumet
Wu Jian
Xom

Annotations:
D:9 Erolcha


Innate Abilities, Weirdness & Mutations

You are immune to poison.
Your flesh is cold resistant. (rC+)
You are immune to negative energy. (rN+++)
You are immune to unholy pain and torment.
You are vulnerable to heat. (rF-)
You are in touch with the powers of death.
You do not drink.
You have a special connection with the divine. (Faith)


Message History

Aim: an Executioner (fast)
The mass of ice explodes!
The iceblast engulfs the Executioner.
The Executioner partially resists.
The Executioner is lightly wounded.
The Executioner closely misses you.
The Executioner hits you but does no damage. x2
As you read the scroll of fear, it crumbles to dust.
You assume a fearsome visage.
The Executioner resists with almost no effort.
The starcursed mass is unaffected.
The Executioner misses you.
The Executioner hits you but does no damage.
The Executioner closely misses you. The Executioner hits you!
The Executioner hits you but does no damage. x2
A starcursed mass splits.
The Executioner misses you.
The Executioner hits you but does no damage.
The Executioner hits you!
Press: ? - help, v - describe, . - travel
Here: an Executioner (lightly wounded, fast)
The floor.
Unknown command.
The Executioner attacks as you move away!
The Executioner hits you!! The Executioner hits you.
The Executioner hits you but does no damage.
The Executioner hits you!
* * * LOW HITPOINT WARNING * * *
The Executioner hits you.
* * * LOW HITPOINT WARNING * * *
The Executioner hits you.
* * * LOW HITPOINT WARNING * * *
The Executioner hits you.
* * * LOW HITPOINT WARNING * * *
The Executioner hits you.
* * * LOW HITPOINT WARNING * * *
The Executioner misses you.
A starcursed mass splits.
As you read the scroll of fear, it crumbles to dust.
You assume a fearsome visage.
The starcursed mass is unaffected.
The Executioner resists with almost no effort.
The starcursed mass is unaffected. x3; The Executioner hits you!!
You die...
Your body glows slightly and disappears.

# ## # ..##.. # #
##.#####.........#
. .#..#. #. #...#
#.# . ...#.# .
##..#.#..# . . ..
#. .#.....#.. .§
... .##..#.#.# .
.##.#...#..#...##
. ..#. #.#.##X##.#
# ......
###.@.XX.### #..
#. ..
#..##1#X##.#..##
#.#.. #......#.
...... #..#
..##..#.#X#. >..#
## ...#..# X.X#
#### .## #.X.# #.
###X.# ## #.# #


You could see 4 starcursed masses and an Executioner (fast).

Vanquished Creatures
  3 two-headed ogres
  2 hornets
  Sigmund (D:6)
  A wyvern (D:9)
  3 yaks (D:8)
  Edmund (D:6)
  2 water moccasins
  2 ice beasts
  2 black bears
  A centaur (D:7)
  A kobold brigand (D:8)
  4 necrophages
  4 bullfrogs
  A scorpion (D:5)
  A wight (D:9)
  9 killer bees
  A howler monkey (D:8)
  2 hounds
  3 jellies
  An orc priest (D:5)
  4 iguanas
  3 orc wizards
  9 adders
  A shadow imp (D:7)
  A white imp (D:7)
  An ufetubus (D:4)
  3 worms
  A dart slug (D:5)
  28 orcs
  6 ball pythons
  10 bats
  2 endoplasms
  5 giant cockroaches
  5 goblins
  7 hobgoblins
  10 jackals
  2 quokkas
  3 frilled lizards
  7 kobolds
  2 rats
155 creatures vanquished.

Vanquished Creatures (collateral kills)
  A troll (D:9)
  A wraith (D:8)
  An acid dragon (D:8)
  A centaur (D:8)
  A bullfrog (D:9)
  2 wights (D:9)
  An adder (D:2)
  2 orcs
  An endoplasm (D:3)
  A hobgoblin (D:1)
  2 bats
  A rat (D:2)
15 creatures vanquished.

Vanquished Creatures (others)
  A wight (D:9)
  A yak zombie (D:8)
  A centaur zombie (D:8)
  An acid dragon zombie (D:8)
  A kobold zombie (D:8)
  A howler monkey zombie (D:8)
  An endoplasm zombie (D:4)
  10 orc zombies
  A fungus (D:3)
  A plant (D:3)
19 creatures vanquished.

Grand Total: 189 creatures vanquished

Notes
Turn   | Place    | Note
-------+----------+-------------------------------------------
     0 | D:1      | Khashishi the Mummy Necromancer began the quest for the
                  | Orb.
     0 | D:1      | Reached XP level 1. HP: 13/13 MP: 4/4
    49 | D:1      | Reached skill level 3 in Spellcasting
    80 | D:1      | Reached XP level 2. HP: 19/19 MP: 3/6
   578 | D:1      | Gained mutation: You are in touch with the powers of death.
                  | [Mummy growth]
   578 | D:1      | Reached XP level 3. HP: 24/24 MP: 0/8
   639 | D:1      | Learned a level 3 spell: Vampiric Draining
   749 | D:1      | Found a sparkling altar of Nemelex Xobeh.
   776 | D:2      | Found a hide-covered altar of Uskayaw.
   914 | D:2      | Reached skill level 4 in Spellcasting
   978 | D:2      | Reached XP level 4. HP: 29/30 MP: 1/10
  1206 | D:2      | Learned a level 4 spell: Animate Dead
  1447 | D:3      | Found a snail-covered altar of Cheibriados.
  1513 | D:3      | Found a faded altar of an unknown god.
  1517 | D:3      | Got Plato's Octavo of Freezing
  1545 | D:3      | Reached skill level 5 in Necromancy
  1572 | D:3      | Found an iron altar of Okawaru.
  1616 | D:3      | Found a shadowy altar of Dithmenos.
  2151 | D:4      | Reached XP level 5. HP: 29/35 MP: 1/12
  2277 | D:4      | Reached skill level 5 in Spellcasting
  2337 | D:5      | Entered Level 5 of the Dungeon
  2641 | D:5      | Reached XP level 6. HP: 20/41 MP: 12/14
  2789 | D:4      | Found a hazy altar of Hepliaklqana.
  2895 | D:4      | Reached skill level 6 in Spellcasting
  3055 | D:5      | Noticed an ice beast
  3113 | D:6      | Identified the +2 ring mail "Xunuimni" {-Tele *Slow rF+++
                  | rN++ SInv}
  3123 | D:6      | Found a staircase to the Ecumenical Temple.
  3127 | D:6      | Noticed a gargoyle
  3130 | Temple   | Entered the Ecumenical Temple
  3303 | Temple   | Became a worshipper of Nemelex Xobeh the Trickster
  3578 | D:5      | Reached skill level 1 in Invocations
  3578 | D:5      | Reached XP level 7. HP: 30/46 MP: 7/17
  3631 | D:5      | Learned a level 3 spell: Summon Guardian Golem
  4032 | D:5      | Reached skill level 7 in Spellcasting
  4053 | D:5      | Reached skill level 1 in Summonings
  4170 | D:6      | Identified the +2 robe of the Rose {Str+5 Stlth+}
  4255 | D:6      | Noticed Sigmund
  4294 | D:6      | Killed Sigmund
  4315 | D:6      | Noticed Edmund
  4322 | D:6      | Killed Edmund
  4323 | D:6      | Reached XP level 8. HP: 43/52 MP: 6/19
  4367 | D:6      | Reached * piety under Nemelex Xobeh
  4467 | D:6      | Received a gift from Nemelex Xobeh
  4687 | D:5      | Reached skill level 8 in Spellcasting
  4940 | D:7      | Reached skill level 1 in Evocations
  5162 | D:7      | Reached ** piety under Nemelex Xobeh
  5724 | D:8      | Reached XP level 9. HP: 29/57 MP: 0/21
  5849 | D:8      | Reached skill level 1 in Hexes
  5958 | D:8      | Noticed a two-headed ogre
  5962 | D:8      | Noticed a two-headed ogre
  6072 | D:8      | Reached skill level 1 in Fighting
  6197 | D:8      | Reached skill level 9 in Spellcasting
  6943 | D:8      | Killed a two-headed ogre
  6944 | D:8      | Reached skill level 5 in Invocations
  6944 | D:8      | Reached XP level 10. HP: 69/69 MP: 18/23
  7046 | D:8      | Killed a two-headed ogre
  7080 | D:9      | Noticed a two-headed ogre
  7091 | D:9      | Killed a two-headed ogre
  7159 | D:9      | Reached skill level 10 in Spellcasting
  7159 | D:9      | Reached skill level 5 in Summonings
  7315 | D:9      | Noticed Erolcha
  7336 | D:9      | Found a blossoming altar of Fedhas.
  7386 | D:9      | Reached *** piety under Nemelex Xobeh
  7419 | Abyss:2  | Cast into level 2 of the Abyss (Erolcha)
  7430 | Abyss:2  | Noticed an Executioner
  7442 | Abyss:2  | Noticed a starcursed mass
  7453 | Abyss:2  | Demolished by an Executioner

Illustrated notes

Levels and vault maps discovered:
D:1:      dpeg_arrival_water_altar, layout_basic
D:2:      layout_loops_ring, basic_altar, hangedman_decor_points,
          minmay_octomino_e4
D:3:      layout_basic, mainiacjoe_overflow_alcove_4, lemuel_round_altar,
          mainiacjoe_overflow_alcove_2, shapermc_ecumenical_altar_rom_forum,
          minmay_crystal_room
D:4:      layout_rooms, worldfamousw_hep_ancestral_shrine, minivault_24
D:5:      layout_basic
D:6:      layout_cave_pools, minmay_temple_entry_mini_moons,
          sigmund_edmund_badplayer
D:7:      layout_basic, st_stairs_14
D:8:      layout_basic, minmay_fractal_squares_5
D:9:      layout_gridville, nicolae_overflow_hidden_temple,
          nicolae_overflow_crystal_walls, serial_shops, shop, uniq_erolcha
Temple:   bh_familiar_temple
Abyss:2:  base: D:6, evilmike_abyss_exit_8

Skill      XL: |  1  2  3  4  5  6  7  8  9 10 |
---------------+-------------------------------+-----
Spellcasting   | 3 4 5 6 7 8 9 10 | 10.0
Necromancy     | 5 6 7 8 9 |  9.1
Invocations    | 1 2 4 5 |  5.7
Summonings     | 2 3 4 5 |  5.0
Evocations     | 1 3 4 |  4.2
Hexes          | 2 |  2.0
Fighting       | 2 3 |  3.0
Dodging        | 2 |  2.0
Stealth        | |  1.5

Action                     |  1- 3 |  4- 6 |  7- 9 | 10-12 || total
---------------------------+-------+-------+-------+-------++-------
  Melee: Hand axe          |     2 |       |       |       ||     2
         Dagger            |     7 |       |       |       ||     7
         Whip              |       |     5 |    42 |       ||    47
         Short sword       |       |    38 |    16 |     3 ||    57
         Mace              |       |       |    25 |     1 ||    26
         Punch             |       |       |     2 |       ||     2
         Flail             |       |       |       |     2 ||     2
   Cast: Necrotise         |    62 |    97 |   133 |    16 ||   308
         Animate Dead      |       |     2 |     4 |       ||     6
         Vampiric Draining |       |     8 |    32 |     7 ||    47
         Summon Guardian G |       |       |       |     2 ||     2
 Invoke: Draw Destruction  |       |       |     2 |     4 ||     6
         Draw Summoning    |       |       |     1 |     1 ||     2
  Evoke: Wand              |       |       |     1 |     6 ||     7
    Use: Scroll            |       |     4 |     1 |     5 ||    10
   Stab: Sleeping          |       |     1 |     1 |       ||     2
 Armour: Robe              |     3 |    11 |    29 |     9 ||    52
  Dodge: Dodged            |    19 |    54 |    94 |    10 ||   177

Table legend: (Time is in decaauts)
 A = Elapsed time spent in this place.
 B = Non-inter-level travel time spent in this place.
 C = Inter-level travel time spent in this place.
 D = Time resting spent in this place.
 E = Time spent auto-exploring this place.
 F = Levels seen in this place.
 G = Mean time per level.
                   A        B        C        D        E       F      G
               +--------+--------+--------+--------+--------+-----+--------+
         Total |   7474 |   6911 |    563 |    818 |   3348 |  11 |  679.5 |
       Dungeon |   7245 |   6699 |    546 |    818 |   3204 |   9 |  805.0 |
        Temple |    194 |    177 |     17 |      0 |    144 |   1 |  194.0 |
         Abyss |     33 |     33 |      0 |      0 |      0 |   1 |   33.0 |
               +--------+--------+--------+--------+--------+-----+--------+

Top non-repeatable levels by time:
     D:8: 1442 daAuts
     D:5: 1287 daAuts
     D:7: 885 daAuts
     D:1: 773 daAuts
     D:4: 681 daAuts
     D:2: 679 daAuts
     D:3: 588 daAuts
     D:6: 561 daAuts
     D:9: 346 daAuts
  Temple: 194 daAuts
 Abyss:2: 33 daAuts
